 Dungeon Crawl Stone Soup version 0.31-a0-232-gb1c03b2570 (webtiles) character file.

Game seed: 8077130486821232725

329 qw the Shooter (level 6, -1/37 HPs)
             Began as a Gargoyle Hexslinger on July 7, 2023.
             Killed by divine providence
             ... invoked by an orc priest
              (12 damage)
             ... on level 4 of the Dungeon.
             The game lasted 00:00:59 (2343 turns).

qw the Shooter (Gargoyle Hexslinger)                Turns: 2343, Time: 00:01:00

Health: -1/37      AC: 11    Str: 11    XL:     6   Next: 50%
Magic:  7/7        EV: 10    Int: 14    God:
Gold:   102        SH:  0    Dex: 14    Spells: 6/7 levels left

rFire   . . .        b - +2 sling (freeze)
rCold   . . .        (no shield)
rNeg    + + .        p - +0 ring mail
rPois   inf          (no helmet)
rElec   +            e - +1 cloak
rCorr   .            (no gloves)
SInv    .            (no boots)
Will    .....        j - amulet of regeneration
Stlth   +            c - ring of positive energy
HPRegen 1.06/turn    (no ring)
MPRegen 0.10/turn

%: no passive effects
@: no status effects
A: sickness immunity, AC +4, negative energy resistance 1, electricity
resistance, torment resistance 1, petrification resistance
a: no special abilities


You were on level 4 of the Dungeon.
You visited 1 branch of the dungeon, and saw 4 of its levels.

You collected 141 gold pieces.
You spent 39 gold pieces at shops.


Innate Abilities, Weirdness & Mutations

You are immune to sickness and miasma.
Your stone body is resilient. (AC +4)
You are immune to poison.
You resist negative energy. (rN+)
You are resistant to electric shocks. (rElec)
You are resistant to unholy torment.
You are immune to petrification.


   Skills:
 - Level 3.2 Fighting
 + Level 5.7 Ranged Weapons
 - Level 1.3 Armour
 - Level 1.5 Dodging
 - Level 1.0 Spellcasting
 - Level 2.6 Hexes


You had 6 spell levels left.
You knew the following spells:

 Your Spells              Type           Power      Damage    Failure   Level
a - Slow                  Hex            32%        N/A       21%         1

Your spell library contained the following spells:

 Spells                   Type           Power      Damage    Failure   Level
 Inner Flame              Hex/Fire       4%         N/A       71%         3
 Portal Projectile        Hex/Tloc       8%         N/A       71%         3
 Cause Fear               Hex            4%         N/A       90%         4

Inventory:

Hand Weapons
 b - a +2 sling of freezing (weapon)
Armour
 e - a +1 cloak (worn)
 p - a +0 ring mail (worn)
Jewellery
 c - a ring of positive energy (left hand)
 j - an amulet of regeneration (around neck)
 q - the amulet "Gongaid" {Harm Regen+ Dex+2}
   (You found it on level 2 of the Dungeon)

   [amulet of regeneration]

   Dex:       It affects your dexterity (+2).
   Regen:     It increases your rate of health regeneration.
   Harm:      It increases damage dealt and taken.
Scrolls
 d - a scroll of blinking {unknown}
 f - a scroll of identify
Potions
 a - a potion of mutation
 h - a potion of resistance {unknown}
 k - a potion of berserk rage {unknown}
 l - 2 potions of curing
 o - a potion of cancellation {unknown}

Dungeon Overview and Level Annotations

Branches:
Dungeon (4/15)
 Temple: D:4-7

Altars:
Sif Muna

Shops:
D:1 !


Message History

The scorpion barely misses you.
The scorpion stings you but does no damage.
You shoot a sling bullet. The sling bullet hits the scorpion.
The sling bullet freezes the scorpion.
The scorpion is almost dead.
The scorpion stings you but does no damage.
You shoot a sling bullet. The sling bullet hits the scorpion.
The sling bullet freezes the scorpion.
You kill the scorpion!
You shoot a sling bullet. The sling bullet hits the orc priest.
The sling bullet freezes the orc priest.
The orc priest is heavily wounded.
An orc comes into view. It is wielding a +0 trident.
The orc priest closely misses you.
The orc priest invokes the aid of Beogh against you.
Beogh smites you!
The orc priest hits you but does no damage.
The orc moves out of view.
You shoot a sling bullet.
The sling bullet closely misses the orc priest.
The orc priest barely misses you.
You shoot a sling bullet. The sling bullet hits the orc priest.
The sling bullet freezes the orc priest.
The orc priest is severely wounded.
The orc priest hits you with a +1 whip of holy wrath.
You shoot a sling bullet.
The sling bullet closely misses the orc priest.
The orc priest hits you but does no damage.
You shoot a sling bullet. The sling bullet hits the orc priest.
The sling bullet freezes the orc priest.
The orc priest is almost dead.
The orc priest hits you with a +1 whip of holy wrath.
The orc priest hits you but does no damage.
You shoot a sling bullet.
The sling bullet closely misses the orc priest.
The orc priest calls down the wrath of Beogh upon you.
Beogh smites you!
The orc priest calls down the wrath of Beogh upon you.
Beogh smites you!
You die...

#..##........##
#..###.#.##...#####
#..............o..#
#.########....o.. #.#
.....# #.# #...# #.#
#o## #.#########o##
#...........@######..
##########(.........#
#...######## #####


You could see 2 orc priests.

Vanquished Creatures
  An ogre (D:3)
  A scorpion (D:4)
  An orc priest (D:3)
  A sleepcap (D:3)
  An orc wizard (D:3)
  3 adders
  A worm (D:3)
  4 orcs (D:3)
  8 endoplasms
  2 giant cockroaches
  13 goblins
  6 hobgoblins
  2 quokkas
  9 ball pythons
  5 bats
  4 frilled lizards
  5 kobolds
  4 rats
71 creatures vanquished.

Notes
Turn   | Place    | Note
-------+----------+-------------------------------------------
     0 | D:1      | qw the Gargoyle Hexslinger began the quest for the Orb.
     0 | D:1      | Reached XP level 1. HP: 12/12 MP: 2/2
     0 | D:1      | 0 ||| qw: Version: 0.3-a-46-gb1f654a
     0 | D:1      | 0 ||| qw: Game counter: 2180
     0 | D:1      | 0 ||| qw: Melee chars always use a shield: true
     0 | D:1      | 0 ||| qw: God list: Okawaru
     0 | D:1      | 0 ||| qw: Allow faded altars: false
     0 | D:1      | 0 ||| qw: Do Orc after clearing Dungeon:15 true
     0 | D:1      | 0 ||| qw: Do second Lair branch before Depths: true
     0 | D:1      | 0 ||| qw: Lair rune preference: random
     0 | D:1      | 0 ||| qw: Goals: Normal
     0 | D:1      | 0 ||| PLANNING D:1-11
   109 | D:1      | HP: 2/12 [goblin/+0 dagger (3)]
   167 | D:1      | Reached XP level 2. HP: 16/16 MP: 3/3
   228 | D:1      | Reached skill level 3 in Ranged Weapons
   592 | D:1      | Found Xokhlecs's Distillery.
   603 | D:1      | 603 ||| SHOPLISTING potion of cancellation (104 gold, have
                  | 46).
   603 | D:1      | 603 ||| BUYING potion of curing (39 gold).
   603 | D:1      | Bought a potion of curing for 39 gold pieces
   603 | D:1      | 603 ||| SHOPLISTING potion of enlightenment (65 gold, have
                  | 7).
   678 | D:1      | 678 ||| UPGRADING to amulet of regeneration.
   683 | D:1      | 683 ||| DROPPING amulet of magic regeneration.
   684 | D:1      | 684 ||| READING scroll labelled BAGESHIERA.
   685 | D:1      | 685 ||| READING 2 scrolls labelled KEUWE HOERO.
   686 | D:1      | 686 ||| READING scroll labelled KEVEBU DASM.
   687 | D:1      | 687 ||| DROPPING scroll of poison.
   787 | D:2      | Reached XP level 3. HP: 21/21 MP: 4/4
  1213 | D:2      | Reached XP level 4. HP: 26/26 MP: 5/5
  1315 | D:2      | Reached skill level 4 in Ranged Weapons
  1334 | D:2      | Identified the amulet "Gongaid" {Harm Regen+ Dex+2}
  1458 | D:2      | 1458 ||| UPGRADING to +1 cloak.
  1463 | D:2      | 1463 ||| UPGRADING to +0 leather armour.
  1473 | D:2      | 1473 ||| DROPPING +0 robe.
  1474 | D:2      | 1474 ||| UPGRADING to +0 ring mail.
  1484 | D:2      | 1484 ||| DROPPING +0 leather armour.
  1485 | D:2      | 1485 ||| READING scroll labelled RIKISA WYTSU.
  1486 | D:2      | 1486 ||| READING scroll labelled JOER CUXZOUSK.
  1487 | D:2      | 1487 ||| DRINKING 2 puce potions.
  1488 | D:2      | 1488 ||| DRINKING 2 bubbling blue potions.
  1489 | D:2      | 1489 ||| READING 2 scrolls of identify.
  1489 | D:2      | 1489 ||| IDENTIFYING fuming golden potion
  1490 | D:2      | 1490 ||| DROPPING potion of magic.
  1519 | D:3      | Found a faded altar of an unknown god.
  1629 | D:3      | 1629 ||| SWAPPING to +2 sling of freezing.
  1630 | D:3      | 1630 ||| DROPPING +1 sling.
  1657 | D:3      | Reached skill level 1 in Armour
  1677 | D:3      | Found a shimmering blue altar of Sif Muna.
  2085 | D:3      | Noticed an ogre
  2088 | D:3      | HP: 5/26 [ogre/+0 giant club (21)]
  2089 | D:3      | 2089 ||| DRINKING potion of heal wounds.
  2092 | D:3      | Killed an ogre
  2093 | D:3      | Reached skill level 5 in Ranged Weapons
  2093 | D:3      | Reached XP level 5. HP: 21/30 MP: 6/6
  2176 | D:3      | Reached skill level 3 in Fighting
  2176 | D:3      | Reached XP level 6. HP: 37/37 MP: 7/7
  2237 | D:3      | 2237 ||| UPGRADING to ring of positive energy.
  2238 | D:3      | 2238 ||| READING 2 scrolls of identify.
  2238 | D:3      | 2238 ||| IDENTIFYING black potion
  2239 | D:3      | 2239 ||| DROPPING potion of brilliance.
  2325 | D:4      | 2325 ||| Stepping ~*~*~tactically~*~*~ (outnumbered).
  2326 | D:4      | 2326 ||| Stepping ~*~*~tactically~*~*~ (outnumbered).
  2343 | D:4      | Killed from afar by an orc priest

Levels and vault maps discovered:
D:1:      lightli_iron_boxes, layout_loops_ring, serial_shops,
          nicolae_diamond_shop, corner_web_ring
D:2:      kennysheep_the_goblin_king, layout_basic, minmay_tripent
D:3:      layout_basic, lemuel_tele_altar, basic_ecumenical_altar,
          hellmonk_no_cap
D:4:      layout_loops_ring, nicolae_overflow_crystal_walls,
          kennysheep_generic_room_6, uniq_natasha

Skill      XL: |  1  2  3  4  5 |
---------------+----------------+-----
Ranged Weapons | 3 5 |  5.7
Fighting       | 2 3 |  3.2
Armour         | 1 |  1.3
Dodging        | |  1.5
Spellcasting   | |  1.0
Hexes          | |  2.6

Action                     |  1- 3 |  4- 6 || total
---------------------------+-------+-------++-------
   Fire: Sling             |   116 |   127 ||   243
    Use: Scroll            |     3 |     4 ||     7
         Potion            |       |     3 ||     3
 Armour: Robe              |    18 |     1 ||    19
         Ring mail         |       |    52 ||    52
  Dodge: Dodged            |    36 |    50 ||    86

Table legend:
 A = Non-vault XP
 B = Vault XP
 C = Vault XP percentage of total XP
 D = Non-vault monster count
 E = Vault monster count
 F = Vault count percentage of total count
                 A         B        C        D         E       F
            +---------+---------+-------+---------+---------+-------
      Total |     292 |     178 |  37.9 |      59 |      12 |  16.9
            +---------+---------+-------+---------+---------+-------
        D:1 |      30 |       0 |   0.0 |      20 |       0 |   0.0
        D:2 |      45 |      17 |  27.4 |      19 |       9 |  32.1
        D:3 |     136 |     161 |  54.2 |      18 |       3 |  14.3
        D:4 |      81 |       0 |   0.0 |       2 |       0 |   0.0
            +---------+---------+-------+---------+---------+-------
